 Dungeon Crawl Stone Soup version 0.30-a0-912-ge10d75a369 (webtiles) character file.

Game seed: 8775498011832004434

34 M4edhros the Charlatan (level 3, 0/24 HPs)
             Began as an Octopode Artificer on Mar 19, 2023.
             Slain by a gnoll
             ... wielding a +0 halberd
              (8 damage)
             ... on level 4 of the Dungeon.
             The game lasted 00:01:09 (212 turns).

M4edhros the Charlatan (Octopode Artificer)          Turns: 212, Time: 00:01:10

Health: 0/24       AC:  1    Str: 11    XL:     3   Next: 31%
Magic:  3/3        EV: 13    Int: 13    God:
Gold:   27         SH:  0    Dex: 14    Spells: 2/2 levels left

rFire   . . .      SeeInvis .      - Unarmed
rCold   . . .      Faith    .    (no shield)
rNeg    . . .      Spirit   .    (helmet restricted)
rPois   .          Reflect  .    (no amulet)
rElec   .          Rampage  .    (no ring)
rCorr   .                        (no ring)
Will    .....                    (no ring)
Stlth   +++                      (no ring)
HPRegen 0.24/turn                (no ring)
MPRegen 0.08/turn                (no ring)
                                 (no ring)
                                 (no ring)

@: no status effects
A: almost no armour, amphibious, 8 rings, camouflage 1, gelatinous body 1,
(nimble swimmer 1), tentacles
a: no special abilities


You were on level 4 of the Dungeon.
You visited 1 branch of the dungeon, and saw 4 of its levels.

You collected 27 gold pieces.

Inventory:

Wands
 b - a wand of flame (15) (quivered)
 c - a wand of charming (12)
 d - a wand of iceblast (5)
Scrolls
 e - a scroll of teleportation {unknown}
Potions
 a - a potion of magic {unknown}
 f - 2 potions of haste {unknown}


   Skills:
 + Level 1.7 Fighting
 + Level 2.8 Dodging
 - Level 1.3 Stealth
 * Level 1.9 Unarmed Combat
 - Level 3.2 Evocations


You had 2 spell levels left.
You didn't know any spells.
Your spell library was empty.

Dungeon Overview and Level Annotations

Branches:
Dungeon (4/15)
 Temple: D:4-7

Altars:

Annotations:
D:4 Edmund


Innate Abilities, Weirdness & Mutations

You cannot wear most types of armour.
You are amphibious.
You can wear up to eight rings at the same time.
Your skin changes colour to match your surroundings (Stealth+).
Your rubbery body absorbs attacks. (AC +1, EV +1)
((You are camouflaged when in or above water. (Stealth+)))
You have tentacles for arms and can constrict up to eight enemies at once.


Message History

Edmund closely misses the hound.
A worm comes into view.
Unknown command.
Unknown command.
Unknown command.
The hound bites Edmund.
Edmund hits the hound with a +4 flail of protection!
The gnoll barely misses Edmund.
The hound bites Edmund but does no damage.
Unknown command.
Unknown command.
Unknown command.
Unknown command.
Unknown command.
Edmund misses the hound.
Unknown command.
Unknown command.
Unknown command.
Unknown command.
Aiming: Charm
Press: ? - help, Shift-Dir - straight line, f - gnoll, p - Edmund
Aim: a gnoll, wielding a +0 halberd (chance to affect: 66%)
Okay, then.
Aiming: Iceblast
Press: ? - help, Shift-Dir - straight line, p - Edmund
Okay, then.
Edmund hits the hound with a +4 flail of protection!
The hound dies!
Your Unarmed Combat skill increases to level 1!
You have reached level 2!
You have reached level 3!
Your experience leads to an increase in your attributes!
Increase (S)trength, (I)ntelligence, or (D)exterity?
You feel agile. x2
You remove your ring of flight.
You float gracefully downwards.
You drop a ring of flight.
The endoplasm freezes you.
You are frozen.
The gnoll hits you from afar with a +0 halberd!
You die...

.......<#.# #
#####.....###.#
###...#.#.#####
#....#.......
#...#.# ..#
#...#.##..####.
#..............
##>...##..####.
#@..###..#
########J.........
#.......g.g..#..###
#.......@.......#
#.....#.....w#...
#.#...#...........
...# #.#...######
#... ##....# ..#
..#..#


You could see a worm, 2 gnolls, an endoplasm and the friendly Edmund (charmed).

Vanquished Creatures
  2 bats (D:1)
  2 goblins (D:1)
  A ball python (D:4)
5 creatures vanquished.

Vanquished Creatures (collateral kills)
  A hound (D:4)
1 creature vanquished.

Grand Total: 6 creatures vanquished

Notes
Turn   | Place    | Note
-------+----------+-------------------------------------------
     0 | D:1      | M4edhros the Octopode Artificer began the quest for the
                  | Orb.
     0 | D:1      | Reached XP level 1. HP: 13/13 MP: 1/1
   137 | D:1      | You fall into a shaft and drop 1 floor!
   190 | D:4      | Noticed Edmund
   201 | D:4      | Noticed a hound
   210 | D:4      | Killed a hound
   211 | D:4      | Reached skill level 1 in Unarmed Combat
   211 | D:4      | Reached XP level 2. HP: 10/19 MP: 2/2
   211 | D:4      | Reached XP level 3. HP: 13/24 MP: 3/3
   212 | D:4      | Slain by a gnoll

Illustrated notes

Levels and vault maps discovered:
D:1:      wheals_arrival_shading, layout_loops_ring, minivault_27
D:2:      layout_basic, uniq_robin, uniq_crazy_yiuf_cottage
D:3:      layout_rooms, ebering_ghost_disaster_area,
          hangedman_decor_peaks_small, minmay_increasing_density, uniq_terence
D:4:      layout_loops_ring, old_standard_altar, lemuel_blue_sif_altar,
          minmay_temple_entry_arrows, uniq_edmund

Skill      XL: |  1 |
---------------+----+-----
Unarmed Combat | 1 |  1.9
Fighting       | |  1.7
Dodging        | |  2.8
Stealth        | |  1.3
Evocations     | |  3.2

Action                     || total
---------------------------++-------
  Melee: Unarmed           ||    14
         Constrict         ||     5
         Tentacles         ||     1
  Evoke: Wand              ||     3
   Stab: Sleeping          ||     1
 Armour: Skin              ||     4
  Dodge: Dodged            ||     8

Table legend: (Time is in decaauts)
 A = Elapsed time spent in this place.
 B = Non-inter-level travel time spent in this place.
 C = Inter-level travel time spent in this place.
 D = Time resting spent in this place.
 E = Time spent auto-exploring this place.
 F = Levels seen in this place.
 G = Mean time per level.
                   A        B        C        D        E       F      G
               +--------+--------+--------+--------+--------+-----+--------+
         Total |    210 |    210 |      0 |      0 |    105 |   4 |   52.5 |
       Dungeon |    210 |    210 |      0 |      0 |    105 |   4 |   52.5 |
               +--------+--------+--------+--------+--------+-----+--------+

Top non-repeatable levels by time:
     D:1: 136 daAuts
     D:4: 36 daAuts
     D:2: 18 daAuts
     D:3: 17 daAuts
